Match 47196966
Unlisted

Match 47196966
End
Construct Barracks
Riflemen Squad
Riflemen Squad
Grenade Package
Construct Weapon Support Center
M1919 Machine Gun Team
Mechanized Support Center
Construct Medical Station
1⁄4-ton 4x4 Truck
M3 Armored Personnel Carrier
M3 Armored Personnel Carrier
Selects Heavy Weapons
Selects Assault Carriers
Selects Exchangeable Parts
M3 Assault Carrier
M3 Assault Carrier
Designate Forward Repair Station
M3 Assault Carrier
M1919 Machine Gun Team
M3 Assault Carrier
Construct Tank Depot
M3 Assault Carrier
M3 Assault Carrier
M3 Assault Carrier
Engineer Squad
Rapid Repairs
M1918 Browning Automatic Rifles
Bazooka Squad
Bazooka Squad
Improved M9 Bazooka Rockets
Selects M26 Pershing Heavy Tank
M26 Pershing Heavy Tank
Selects M2HB .50cal Heavy Machine Gun
1⁄4-ton 4x4 Truck
Boneless
BazookaJoe
Thib_Soldier
peace
Disconnected
frostie
0
0

Comments sign in to comment!

No comments posted yet!